 Dungeon Crawl Stone Soup version 0.24.0-123-gd5b16e6ec5 (webtiles) character file.

Game seed: 2078839814857562659, levelgen mode: deterministic

322893 Heskey1 the Warrior (level 21, -49/146 HPs)
             Began as a Gargoyle Fighter on Dec 26, 2019.
             Was the Champion of Makhleb.
             Annihilated by a titanic slime creature (60 damage)
             ... summoned by a boggart
             ... on level 2 of the Vaults.
             The game lasted 02:23:45 (45090 turns).

Heskey1 the Warrior (Gargoyle Fighter)             Turns: 45090, Time: 02:23:46

Health: -49/146    AC: 56    Str: 36    XL:     21   Next: 56%
Magic:  22/22      EV:  7    Int: 10    God:    Makhleb [******]
Gold:   2953       SH: 22    Dex:  9    Spells: 20/20 levels left

rFire    + . .     SeeInvis .   y - +6 flail "Baviv" {drain, Str+4 Stlth-}
rCold    + . .     Gourm    .   F - +2 shield {reflect}
rNeg     + . .     Faith    .   L - +5 crystal plate armour
rPois    ∞         Spirit   .   s - +0 helmet
rElec    +         Reflect  +   S - +0 cloak of Disguise {Slay+5}
rCorr    .         Harm     .   K - +2 pair of gloves
MR       +....                  B - +1 pair of boots of Blue Skies {rC+}
Stlth    ..........             c - +4 amulet of reflection
HPRegen  0.34/turn              d - +3 ring of strength
MPRegen  0.18/turn              b - ring of stealth

@: no status effects
A: big wings, fire resistance 1, low mp 1, negative energy resistance 1,
electricity resistance, unbreathing, petrification resistance, rot immunity, AC
+16
}: 2/15 runes: serpentine, barnacled
a: Fly, Minor Destruction, Lesser Servant of Makhleb, Major Destruction, Greater
Servant of Makhleb, Renounce Religion


You were on level 2 of the Vaults.
You worshipped Makhleb.
Makhleb was exalted by your worship.
You were not hungry.

You visited 8 branches of the dungeon, and saw 35 of its levels.
You also visited: Ossuary.

You collected 4259 gold pieces.
You spent 1306 gold pieces at shops.

Inventory:

Hand Weapons
 j - a +0 great mace of crushing
 q - a +3 demon whip of draining
 y - the +6 flail "Baviv" (weapon) {drain, Str+4 Stlth-}
   (You bought it in a shop on level 4 of the Dungeon)

   A truly terrible weapon, it drains the life of those it strikes.
   It affects your strength (+4).
   It makes you less stealthy.
Missiles
 t - 6 throwing nets
 Y - 84 boomerangs (quivered)
Armour
 s - a +0 helmet (worn)
 u - a +0 large shield
 B - the +1 pair of boots of Blue Skies (worn) {rC+}
   (You found it on level 8 of the Dungeon)

   It protects you from cold.
 C - +0 fire dragon scales
 F - a +2 shield of reflection (worn)
 I - a +1 pair of boots of running
 K - a +2 pair of gloves (worn)
 L - a +5 crystal plate armour (worn)
 P - +0 acid dragon scales
 S - the +0 cloak of Disguise (worn) {Slay+5}
   (You acquired it on level 3 of the Shoals)

   It affects your accuracy and damage with ranged weapons and melee attacks
   (+5).
Jewellery
 b - a ring of stealth (right hand)
 c - a +4 amulet of reflection (around neck)
 d - a +3 ring of strength (left hand)
 m - an uncursed amulet of rage
 o - the ring of Qaimu {*Slow rElec Int+4 SInv}
   (You found it on level 4 of the Snake Pit)

   [ring of see invisible]

   It affects your intelligence (+4).
   It insulates you from electricity.
   It lets you see invisible.
   It may slow you when you take damage.
 x - an uncursed ring of resist corrosion
 E - an uncursed ring of fire
 G - an uncursed ring of positive energy
 T - a cursed -3 ring of dexterity
Wands
 z - a wand of iceblast (32)
 A - a wand of acid (37)
 H - a wand of flame (30)
 J - a wand of polymorph (10)
 M - a wand of scattershot (16)
 N - a wand of digging (10)
 V - a wand of disintegration (64)
 Z - a wand of enslavement (7)
Scrolls
 e - 12 scrolls of enchant weapon
 h - 19 scrolls of identify
 i - 16 scrolls of remove curse
 n - 3 scrolls of fear
 r - 3 scrolls of teleportation
 w - a scroll of fog
 R - a scroll of amnesia
 W - a scroll of enchant armour
 X - a scroll of brand weapon
Potions
 g - 16 potions of curing
 p - 4 potions of agility
 v - 3 potions of magic
 O - a potion of invisibility
 Q - 4 potions of haste
 U - 2 potions of resistance
Miscellaneous
 a - a lightning rod (4/4)
 k - a fan of gales
 l - a box of beasts
Comestibles
 f - 23 rations


   Skills:
 * Level 20.2 Fighting
 + Level 20.1 Maces & Flails
 + Level 5.1 Throwing
 + Level 17.8 Armour
 + Level 17.8 Shields
 + Level 5.9 Invocations
 - Level 4.7 Evocations


You had 20 spell levels left.
You didn't know any spells.
Your spell library contained the following spells:

 Spells                   Type           Power        Failure   Level  Hunger
 Flame Tongue             Conj/Fire      #....        97%         1    ##.....
 Sting                    Conj/Pois      #...         97%         1    ##.....
 Blink                    Tloc           N/A          99%         2    ###....
 Corpse Rot               Necr           N/A          99%         2    ###....
 Poisonous Vapours        Pois/Air       #.....       99%         2    ###....
 Shroud of Golubria       Chrm/Tloc      #.....       99%         2    ###....
 Throw Flame              Conj/Fire      #.....       99%         2    ###....
 Conjure Flame            Conj/Fire      #.......     100%        3    ####...
 Gell's Gravitas          Tloc           #.........   100%        3    ####...
 Inner Flame              Hex/Fire       #.......     100%        3    ####...
 Lesser Beckoning         Tloc           #.........   100%        3    ####...
 Mephitic Cloud           Conj/Pois/Air  #.......     100%        3    ####...
 Summon Guardian Golem    Hex/Summ       #.......     100%        3    ####...
 Teleport Other           Tloc           #.......     100%        3    ####...
 Tukima's Dance           Hex            #.......     100%        3    ####...
 Cause Fear               Hex            #.........   100%        4    #####..
 Ice Form                 Ice/Tmut       #.......     100%        4    #####..
 Leda's Liquefaction      Hex/Erth       #.........   100%        4    #####..
 Olgreb's Toxic Radiance  Pois           #.......     100%        4    #####..
 Passage of Golubria      Tloc           N/A          100%        4    #####..
 Sticky Flame             Conj/Fire      #.......     100%        4    #####..
 Agony                    Necr           #.......     100%        5    ######.
 Bolt of Draining         Conj/Necr      #.........   100%        5    ######.
 Bolt of Magma            Conj/Fire/Erth #.........   100%        5    ######.
 Dispel Undead            Necr           #.......     100%        5    ######.
 Excruciating Wounds      Chrm/Necr      #.........   100%        5    ######.
 Fireball                 Conj/Fire      #.........   100%        5    ######.
 Metabolic Englaciation   Hex/Ice        #.........   100%        5    ######.
 Venom Bolt               Conj/Pois      #.........   100%        5    ######.
 Yara's Violent Unravell  Hex/Tmut       #.........   100%        5    ######.
 Bolt of Cold             Conj/Ice       #.........   100%        6    #######
 Freezing Cloud           Conj/Ice/Air   #.........   100%        6    #######
 Iron Shot                Conj/Erth      #.........   100%        6    #######
 Ozocubu's Refrigeration  Ice            #.........   100%        6    #######
 Simulacrum               Ice/Necr       #.........   100%        6    #######
 Shatter                  Erth           #.........   100%        9    #######
 Sublimation of Blood     Necr           Unusable     N/A         2    N/A
 Statue Form              Tmut/Erth      Unusable     N/A         6    N/A

Dungeon Overview and Level Annotations

Branches:
Dungeon (15/15)            Temple (1/1) D:6            Lair (6/6) D:9
 Shoals (4/4) Lair:4        Snake (4/4) Lair:3        Slime (1/5) Lair:6
    Orc (2/2) D:11            Elf (0/3) Orc:2        Vaults (2/5) D:14
 Depths (0/5) D:15        Ossuary (visited)
  Crypt: Vaults:2-3

Altars:
Ashenzari
Cheibriados
Elyvilon
Fedhas
Hepliaklqana
Kikubaaqudgha
Makhleb
Qazlal
Sif Muna
Trog
Uskayaw
Vehumet
Xom
The Shining One
Beogh
Jiyva

Shops:
D:4 (   D:5 :   D:6 !   D:11 [   Orc:1 (   Orc:2 ?*%(*   Shoals:4 !   Snake:1 ?
Vaults:1 ([

Annotations:
Lair:5 exclusion: 2 oklob plants
Shoals:4 exclusion: 2 oklob plants
Snake:2 exclusion: ice statue
Snake:4 Roxanne


Innate Abilities, Weirdness & Mutations

You are resistant to torment.
Your stone body is resilient. (AC +16)
You are immune to poison.
Your large and strong wings let you fly indefinitely.
You resist negative energy. (rN+)
You are resistant to electric shocks. (rElec)
You can survive without breathing.
You are immune to petrification.
You are immune to rotting.
Your flesh is heat resistant. (rF+)
Your magical capacity is low. (-10% MP)


Message History

The titanic slime creature closely misses you.
Unknown command.
You hit the green ugly thing.
The green ugly thing is severely wounded.
You block the green ugly thing's attack.
Unknown command.
You hit the green ugly thing. You drain the green ugly thing.
The green ugly thing is severely wounded.
The titanic slime creature hits you!!!!
Ouch! That really hurt!
* * * LOW HITPOINT WARNING * * *
You hear a screech!
You hear a shout!
Unknown command.
You are too injured to fight recklessly!
Unknown command.
You are too injured to fight recklessly!
You feel better.
You block the green ugly thing's attack.
The titanic slime creature hits you!!!
You die... #H#p g# #{H##p# #.H#ps# #OcC{p# #Opuu{# #Opppc# #uJuOc#

#@#######
.....(+.......###
......+.........#
......#(........#
......##..#++#..#####+##
...... #..#..#..#..##...
..... #..#..#..#..##...
..... ####..#''#..##...
#.........#...


You could see a vault warden, a death knight, 4 ugly things, a titanic slime
creature, 2 two-headed ogres, an ogre mage, 2 vault sentinels, a cyclops, 4
ironbrand convokers, a hippogriff, an orb spider, 2 harpies, an ogre, 3 centaurs
and a boggart.

Vanquished Creatures
  Mara (Vaults:2)
  Bai Suzhen (Snake:4)
  Vashnia (Snake:3)
  Nikola (Snake:3)
  A large abomination (Vaults:1)
  Asterion (Vaults:1)
  Polyphemus (Shoals:2)
  An ancient champion (Vaults:2)
  16 nagarajas
  Kirke (D:15)
  A tengu reaver (Vaults:1)
  The ghost of Tuffe the Warrior, an adept FoFi of Okawaru (Snake:4)
  Ilsuiw (Shoals:3)
  2 vault wardens (Vaults:1)
  Nessos (Lair:6)
  10 ironheart preservers
  Snorg (D:13)
  An eidolon (Vaults:2)
  6 merfolk javelineers
  2 fire dragons
  3 yaktaur captains
  A deep elf death mage (Vaults:1)
  12 merfolk impalers
  4 vault guards (Vaults:1)
  A rakshasa (D:15)
  5 ogre magi
  Erolcha (D:9)
  2 great orbs of eyes (Vaults:1)
  8 hydras
  3 merfolk avatars
  Harold (D:9)
  31 naga warriors
  5 centaur warriors
  2 alligator snapping turtles (Shoals:4)
  3 catoblepae
  2 death knights
  22 two-headed ogres
  2 dancing weapons (D:14)
  5 merfolk aquamancers
  15 anacondas
  3 deep troll earth magi (Vaults:2)
  A deep troll shaman (Vaults:2)
  8 death yaks
  9 shock serpents
  24 naga sharpshooters
  9 orc high priests
  Urug (Lair:5)
  The ghost of ThereIsNoGod the Slicer, a novice KoAs of Uskayaw (D:7)
  3 deep elf knights
  8 deep trolls
  24 sea snakes
  4 salamander mystics
  5 unseen horrors
  10 naga ritualists
  An unseen horror (shapeshifter) (Vaults:1)
  3 deep elf archers (Vaults:1)
  A lindwurm (Lair:6)
  A tengu zombie (Vaults:1)
  7 harpies
  5 orc knights
  A wizard (Vaults:2)
  Pikel (D:9)
  2 ironbrand convokers
  A mana viper (shapeshifter) (Vaults:1)
  2 orc sorcerers (Orc:1)
  12 mana vipers
  7 deep elf magi
  20 manticores
  2 necromancers
  25 ugly things
  14 fauns
  A centaur zombie (D:13)
  9 salamanders
  A stone giant zombie (Vaults:1)
  11 cyclopes
  8 elephants
  26 naga magi
  A guardian serpent (shapeshifter) (Vaults:1)
  9 guardian serpents
  4 vault sentinels
  38 black mambas
  7 water nymphs
  16 merfolk sirens
  5 gargoyles
  13 spiny frogs
  5 torpor snails (Lair:6)
  3 rime drakes
  A yaktaur (shapeshifter) (Vaults:2)
  2 freezing wraiths
  An efreet (D:13)
  5 komodo dragons
  10 yaktaurs
  A human skeleton (Vaults:1)
  2 tengu conjurers
  8 trolls
  4 wind drakes
  8 hornets
  4 tyrant leeches (Lair:6)
  32 merfolk
  Grinder (D:5)
  5 polar bears (Lair:1)
  Prince Ribbit (D:9)
  13 blink frogs
  13 hippogriffs
  12 slime creatures
  14 snapping turtles
  14 dream sheep
  A snapping turtle (shapeshifter) (D:11)
  A stone giant simulacrum (Vaults:2)
  2 shadows
  A spriggan (D:9)
  3 tarantellas (shapeshifter)
  A wyvern (shapeshifter) (D:13)
  11 water elementals
  6 wyverns
  57 yaks
  A wraith (Vaults:1)
  4 basilisks
  4 hogs (D:14)
  A human (shapeshifter) (D:12)
  A yaktaur simulacrum (Vaults:1)
  A steam dragon (D:11)
  2 hungry ghosts
  A vampire mosquito (D:14)
  A basilisk (shapeshifter) (D:15)
  4 wargs
  76 nagas
  6 acid dragons
  A swamp worm (shapeshifter) (Vaults:1)
  15 water moccasins
  Duvessa (D:6)
  25 orc warriors
  12 porcupines
  A deep troll skeleton (Vaults:1)
  5 sky beasts
  3 hornet zombies (D:15)
  3 black bears
  5 ice beasts
  A phantom (D:10)
  4 slaves (D:9)
  A black bear (shapeshifter) (D:15)
  An ettin simulacrum (Vaults:1)
  A tengu (shapeshifter) (Vaults:2)
  An ogre (shapeshifter) (Vaults:1)
  7 boggarts
  An eye of draining (D:13)
  An eye of draining (shapeshifter) (Vaults:2)
  18 ogres
  24 centaurs
  13 crocodiles
  2 big kobolds
  A human zombie (Vaults:1)
  20 bullfrogs
  2 wyvern zombies
  2 gnoll sergeants
  Dowan (D:6)
  A water moccasin zombie (D:10)
  A wyvern skeleton (D:12)
  5 scorpions
  5 killer bees
  3 howler monkeys
  5 electric eels
  10 crimson imps
  7 hounds
  2 bullfrog zombies (D:11)
  A quasit (D:9)
  4 jellies
  4 bullfrog skeletons
  36 orc priests
  23 orc wizards
  5 centaur skeletons
  2 iguanas (D:7)
  16 worker ants
  A big kobold zombie (Ossuary)
  A hound zombie (D:8)
  2 hound skeletons
  8 mummies (Ossuary)
  3 worker ant zombies
  6 gnolls
  A howler monkey skeleton (D:8)
  12 adders
  3 shadow imps
  2 oozes
  2 adder zombies (D:6)
  2 adder skeletons
  5 worms
  2 dart slugs
  11 leopard geckos
  112 orcs
  5 bats
  12 giant cockroaches
  2 gnoll zombies (Ossuary)
  5 goblins
  6 hobgoblins
  12 jackals
  14 kobolds
  9 quokkas
  3 frilled lizards
  3 hobgoblin zombies (Ossuary)
  A leopard gecko skeleton (D:4)
  2 orc zombies (Ossuary)
  2 quokka skeletons
  A quokka zombie (D:5)
  10 rats
  3 crawling corpses (Vaults:1)
  A plant (D:15)
1453 creatures vanquished.

Vanquished Creatures (others)
  A nagaraja (Snake:3)
  A stone giant (Vaults:2)
  A satyr (Shoals:4)
  An ironbrand convoker (Vaults:1)
  A cyclops (Shoals:4)
  A salamander (Snake:3)
  5 black mambas
  A naga mage (Snake:3)
  2 yaktaurs
  A naga (Snake:2)
  A centaur (Shoals:4)
  2 boggarts
  An orc wizard (Vaults:1)
  An orc (D:11)
  A bush (Shoals:1)
  8 fungi
  24 plants
53 creatures vanquished.

Grand Total: 1506 creatures vanquished

Notes
Turn   | Place    | Note
-------+----------+-------------------------------------------
     0 | D:1      | Heskey1 the Gargoyle Fighter began the quest for the Orb.
     0 | D:1      | Reached XP level 1. HP: 14/14 MP: 1/1
    74 | D:1      | Reached XP level 2. HP: 19/19 MP: 2/2
   276 | D:1      | Found a shattered altar of Ashenzari.
   358 | D:1      | Reached XP level 3. HP: 20/23 MP: 3/3
  1380 | D:2      | Reached XP level 4. HP: 22/29 MP: 4/4
  1695 | D:3      | You fall into a shaft and drop 3 floors!
  1719 | D:6      | Reached XP level 5. HP: 31/33 MP: 5/5
  1756 | D:6      | Gained mutation: Your magical capacity is low. (-10% MP)
                  | [potion of mutation]
  1756 | D:6      | Gained mutation: Your flesh is heat resistant. (rF+)
                  | [potion of mutation]
  1760 | D:6      | HP: 1/33 [orc wizard/+0 dagger (1)]
  2023 | D:6      | Noticed an orc warrior
  2037 | D:6      | Killed an orc warrior
  2037 | D:6      | Reached XP level 6. HP: 6/39 MP: 5/5
  2335 | D:6      | Noticed an orc warrior
  2338 | D:6      | Noticed Grinder
  2344 | D:6      | Paralysed by Grinder for 2 turns
  2352 | D:6      | Paralysed by Grinder for 2 turns
  2354 | D:5      | Entered Level 5 of the Dungeon
  2354 | D:5      | Found Akuz's Book Shoppe.
  2361 | D:5      | Paralysed by Grinder for 6 turns
  2372 | D:5      | Killed Grinder
  2372 | D:5      | Reached skill level 5 in Maces & Flails
  2372 | D:5      | Reached XP level 7. HP: 19/44 MP: 6/6
  2521 | D:5      | Reached skill level 5 in Armour
  2526 | D:5      | Reached skill level 5 in Fighting
  2526 | D:5      | Reached skill level 5 in Shields
  3199 | D:5      | Reached XP level 8. HP: 49/49 MP: 7/7
  3505 | D:4      | Found a shimmering blue altar of Sif Muna.
  3585 | D:4      | Found Tuib's Antique Weapon Shoppe.
  3589 | D:4      | Bought a steaming flail for 187 gold pieces
  3590 | D:4      | Identified the +6 flail "Baviv" {drain, Str+4 Stlth-} (You
                  | bought it in a shop on level 4 of the Dungeon)
  4757 | D:4      | Bought an ancient mace for 176 gold pieces
  4757 | D:4      | Identified the +9 mace of the Lesser Evil {crush, Int+6}
                  | (You bought it in a shop on level 4 of the Dungeon)
  5424 | D:6      | Found Cuzxog's Distillery.
  5436 | D:6      | Noticed Duvessa
  5445 | D:6      | Killed Duvessa
  5445 | D:6      | Reached XP level 9. HP: 51/56 MP: 8/8
  5447 | D:6      | Noticed Dowan
  5452 | D:6      | Killed Dowan
  5701 | D:6      | Found a staircase to the Ecumenical Temple.
  6827 | D:8      | Reached XP level 10. HP: 62/63 MP: 9/9
  6897 | D:8      | Found a runed translucent gate.
  6897 | D:8      | Found a runed translucent gate.
  6900 | D:8      | Found a runed translucent gate.
  6900 | D:8      | Noticed ThereIsNoGod's ghost (novice KoAs)
  6928 | D:8      | Found a sand-covered staircase.
  6946 | Ossuary  | Entered an ossuary
  7429 | D:8      | Found a roughly hewn altar of Beogh.
  7491 | D:7      | Killed ThereIsNoGod's ghost
  7590 | D:8      | Got a pair of jewelled boots
  7601 | D:8      | Identified the +1 pair of boots of Blue Skies {rC+} (You
                  | found it on level 8 of the Dungeon)
  7831 | D:9      | Reached skill level 10 in Maces & Flails
  7896 | D:9      | Noticed Prince Ribbit
  7925 | D:9      | Killed Prince Ribbit
  8122 | D:9      | Found a staircase to the Lair.
  8186 | D:9      | Noticed Harold
  8190 | D:9      | Paralysed by Harold for 5 turns
  8201 | D:9      | Killed Harold
  8201 | D:9      | Reached XP level 11. HP: 58/69 MP: 9/9
  8511 | D:9      | Noticed Erolcha
  8521 | D:9      | Killed Erolcha
  8651 | D:9      | Noticed Pikel
  8680 | D:9      | Killed Pikel
  8958 | D:10     | Entered Level 10 of the Dungeon
  9123 | D:10     | Noticed a two-headed ogre
  9495 | D:10     | Killed a two-headed ogre
  9825 | D:11     | Found a staircase to the Orcish Mines.
  9827 | D:11     | Found an ancient bone altar of Kikubaaqudgha.
  9840 | D:11     | Noticed a two-headed ogre
  9854 | D:11     | Killed a two-headed ogre
  9932 | D:11     | Noticed a purple ugly thing
  9932 | D:11     | Noticed a two-headed ogre
  9970 | D:11     | Killed a purple ugly thing
  9970 | D:11     | Reached XP level 12. HP: 73/77 MP: 10/10
  9973 | D:11     | Reached skill level 10 in Armour
 10018 | D:11     | Reached skill level 10 in Fighting
 10018 | D:11     | Reached skill level 10 in Shields
 10114 | D:11     | Noticed a two-headed ogre
 10124 | D:11     | Killed a two-headed ogre
 10138 | D:11     | Noticed a six-headed hydra
 10162 | D:11     | Killed a six-headed hydra
 10786 | D:11     | Noticed a centaur warrior
 10806 | D:11     | Killed a centaur warrior
 11006 | D:11     | Killed a two-headed ogre
 11009 | D:11     | Identified Sif Muna's Disquisition on Flames and Hexes
 11192 | D:11     | Got a faintly glowing wooden ring
 11223 | D:11     | Noticed a seven-headed hydra
 11247 | D:11     | Killed a seven-headed hydra
 11526 | D:11     | Found Xuxorupau's Antique Armour Shoppe.
 11541 | D:11     | Noticed a six-headed hydra
 11558 | D:11     | Killed a six-headed hydra
 11558 | D:11     | Reached XP level 13. HP: 63/84 MP: 11/11
 13758 | D:13     | Noticed Snorg
 13776 | D:13     | Killed Snorg
 14828 | D:14     | Found a gate to the Vaults.
 14838 | D:14     | Gained mutation: Your large and strong wings let you fly
                  | indefinitely. [Gargoyle growth]
 14838 | D:14     | Reached XP level 14. HP: 92/92 MP: 12/12
 15207 | D:14     | Reached skill level 15 in Maces & Flails
 15875 | D:15     | Entered Level 15 of the Dungeon
 15875 | D:15     | Noticed Kirke
 15959 | D:15     | Killed Kirke
 16137 | D:15     | Found a staircase to the Depths.
 16255 | D:15     | Identified the cursed ring "Yxalapsa" {Dex-3 SInv} (You
                  | found it on level 11 of the Dungeon)
 17202 | Lair:1   | Entered Level 1 of the Lair of Beasts
 18836 | Lair:3   | Found a staircase to the Snake Pit.
 19264 | Lair:3   | Reached XP level 15. HP: 84/97 MP: 13/13
 19501 | Lair:3   | You fall into a shaft and drop 1 floor!
 19956 | Lair:4   | Found a staircase to the Shoals.
 19966 | Lair:4   | Found a snail-covered altar of Cheibriados.
 21095 | Lair:5   | Noticed Urug
 21112 | Lair:5   | Killed Urug
 21153 | Lair:6   | Entered Level 6 of the Lair of Beasts
 21372 | Lair:6   | Found a viscous altar of Jiyva.
 21372 | Lair:6   | Found a staircase to the Slime Pits.
 21376 | Lair:6   | Noticed Nessos
 21844 | Lair:6   | Killed Nessos
 22042 | Lair:6   | Found a runed translucent door.
 22410 | Snake:1  | Entered Level 1 of the Snake Pit
 22496 | Snake:1  | Reached XP level 16. HP: 105/105 MP: 14/14
 22765 | Snake:1  | Found Daet's Magic Scroll Shop.
 23892 | Snake:2  | Noticed a nagaraja
 24112 | Snake:2  | Killed a nagaraja
 24392 | Snake:2  | Noticed a nagaraja
 24533 | Snake:2  | Identified the +7 hunting sling of the Postmodern Orbs
                  | {venom, Int+4}
 24583 | Snake:2  | Killed a nagaraja
 25362 | Snake:3  | Noticed a nagaraja
 25371 | Snake:3  | Killed a nagaraja
 25434 | Snake:3  | Reached XP level 17. HP: 98/112 MP: 15/15
 25482 | Snake:3  | Noticed Vashnia
 25862 | Snake:3  | Noticed Nikola
 26273 | Snake:3  | Reached skill level 15 in Fighting
 26418 | Snake:3  | Killed Nikola
 26424 | Snake:3  | Reached skill level 15 in Armour
 26502 | Snake:2  | Reached skill level 15 in Shields
 26675 | Snake:3  | Killed Vashnia
 27168 | Snake:4  | Entered Level 4 of the Snake Pit
 28244 | Snake:4  | Noticed Bai Suzhen
 28261 | Snake:4  | Killed Bai Suzhen
 28298 | Snake:4  | Reached XP level 18. HP: 80/121 MP: 16/16
 30453 | Snake:4  | Got a serpentine rune of Zot
 30682 | Snake:4  | Identified Roxanne's Guide on the Mountains
 30682 | Snake:4  | Noticed Roxanne
 30785 | Snake:4  | Paralysed by a naga for 5 turns
 31110 | Snake:4  | Found a runed translucent door.
 32022 | Snake:4  | Noticed Tuffe's ghost (adept FoFi)
 32078 | Snake:4  | Killed Tuffe's ghost
 32084 | Snake:4  | Got a glittering amber ring
 32093 | Snake:4  | Identified the ring of Qaimu {*Slow rElec Int+4 SInv} (You
                  | found it on level 4 of the Snake Pit)
 33078 | D:11     | Bought a large shield for 121 gold pieces
 33092 | Orc:1    | Entered Level 1 of the Orcish Mines
 33479 | Orc:2    | Entered Level 2 of the Orcish Mines
 33630 | Orc:1    | Reached XP level 19. HP: 130/130 MP: 17/17
 33799 | Orc:2    | Found Diworch's Food Shoppe.
 34181 | Orc:2    | Paralysed by an orc sorcerer for 5 turns
 34940 | Orc:1    | Reached skill level 1 in Evocations
 35288 | Orc:2    | Found a staircase to the Elven Halls.
 35540 | Orc:2    | Found Nuepluq's Magic Scroll Boutique.
 35540 | Orc:2    | Found Laujacie's General Store.
 35546 | Orc:2    | Bought a scroll of fear for 42 gold pieces
 35546 | Orc:2    | Bought 3 scrolls of blinking for 270 gold pieces
 35546 | Orc:2    | Bought a scroll of enchant armour for 90 gold pieces
 35559 | Orc:2    | Bought a scroll of teleportation for 42 gold pieces
 35559 | Orc:2    | Bought a scroll of teleportation for 42 gold pieces
 35580 | Orc:2    | Found a roughly hewn altar of Beogh.
 35605 | Orc:2    | Found Xumoubl Uqod's Antique Weapon Boutique.
 35607 | Orc:2    | Found Amourow's General Store.
 36180 | Orc:1    | Found Afesoh's Weapon Shop.
 36663 | Temple   | Entered the Ecumenical Temple
 36714 | Temple   | Became a worshipper of Makhleb the Destroyer
 36998 | Shoals:1 | Entered Level 1 of the Shoals
 38023 | Shoals:2 | Noticed Polyphemus
 38159 | Shoals:2 | Reached * piety under Makhleb
 38181 | Shoals:2 | Killed Polyphemus
 38658 | Shoals:2 | Identified a scroll of acquirement
 39128 | Shoals:2 | Reached ** piety under Makhleb
 39533 | Shoals:3 | Noticed Ilsuiw
 39615 | Shoals:3 | Got a slimy cloak
 39626 | Shoals:3 | Identified the +0 cloak of Disguise {Slay+5} (You acquired
                  | it on level 3 of the Shoals)
 39949 | Shoals:3 | Killed Ilsuiw
 40243 | Shoals:3 | Reached *** piety under Makhleb
 40675 | Shoals:4 | Entered Level 4 of the Shoals
 40677 | Shoals:4 | Found Keniduxien's Distillery.
 40693 | Shoals:4 | Bought a potion of curing for 48 gold pieces
 40693 | Shoals:4 | Bought a potion of invisibility for 128 gold pieces
 40693 | Shoals:4 | Bought a potion of haste for 160 gold pieces
 40922 | Shoals:4 | Got a barnacled rune of Zot
 41170 | Shoals:4 | Reached XP level 20. HP: 134/137 MP: 20/20
 41512 | Shoals:4 | Reached **** piety under Makhleb
 41512 | Shoals:4 | Reached skill level 1 in Throwing
 41752 | Shoals:4 | Reached skill level 1 in Invocations
 42156 | Slime:1  | Entered Level 1 of the Pits of Slime
 42567 | Vaults:1 | Entered Level 1 of the Vaults
 42749 | Vaults:1 | Identified a +1 pair of boots of running (You found it on
                  | level 1 of the Vaults)
 42829 | Vaults:1 | Found Diyriun's Antique Weapon Shop.
 43067 | Vaults:1 | Reached ***** piety under Makhleb
 43865 | Vaults:1 | Found Kuunniz's Armour Shoppe.
 43882 | Vaults:1 | Reached XP level 21. HP: 145/145 MP: 22/22
 44031 | Vaults:1 | Noticed Asterion
 44058 | Vaults:1 | Killed Asterion
 44339 | Vaults:2 | Reached skill level 5 in Invocations
 44427 | Vaults:2 | Reached ****** piety under Makhleb
 44847 | Vaults:2 | Noticed Mara
 44862 | Vaults:2 | Noticed Heskey1's illusion
 44871 | Vaults:2 | Killed Mara
 44871 | Vaults:2 | Reached skill level 5 in Throwing
 45089 | Vaults:2 | HP: 4/146 [titanic slime creature[a boggart] (98)]
 45090 | Vaults:2 | Annihilated by a titanic slime creature

Levels and vault maps discovered:
D:1:      minmay_arrival_five_plusses, layout_loops_cross, ashenzari_altar_1
D:2:      layout_basic
D:3:      layout_loops_corners
D:4:      layout_basic, lemuel_crystal_altar, first_ration, serial_corexii_hall,
          corexii_hall_statues_l, chequers_hall_statues_wall_a, serial_shops,
          nicolae_shop_behind_doors, chequers_serial_rivers_room_b
D:5:      layout_basic, serial_shops, shop, minmay_starry_boxes
D:6:      layout_loops_ring, minmay_temple_entry_enclosed_plants, serial_shops,
          shop, gup_sewer_entry_pipe, uniq_grinder, uniq_duvessa
D:7:      layout_basic
D:8:      layout_cave_pools, nicolae_ossuary_entry_plus,
          biasface_ghost_orc_armoury
D:9:      layout_loops_ring, grunt_lair_entry_orc_guard_hut, grunt_pizzeria,
          minmay_between, uniq_erolcha, uniq_prince_ribbit1, uniq_pikel,
          uniq_harold
D:10:     layout_rooms, grunt_ministairs_3
D:11:     minmay_the_grid_square_5x5_4x4 [minmay_the_grid_square_5x5_empty,
          minmay_the_grid_square_5x5_three_walls,
          minmay_the_grid_square_5x5_eight_small,
          minmay_the_grid_square_5x5_six_small, minmay_the_grid_square_5x5_n,
          minmay_the_grid_square_5x5_prize_waves,
          minmay_the_grid_square_5x5_prize_deathbox,
          minmay_the_grid_square_5x5_minimal,
          minmay_the_grid_square_5x5_inner_v,
          minmay_the_grid_square_5x5_prize_junk,
          minmay_the_grid_square_5x5_prize_itemx,
          minmay_the_grid_square_5x5_three, minmay_the_grid_square_5x5_corner,
          minmay_the_grid_square_5x5_percent,
          minmay_the_grid_square_5x5_minivault,
          minmay_the_grid_square_5x5_seven], layout_loops_ring, orc_0_dummy,
          basic_altar, serial_shops, shop, small_chamber_with_monster,
          kennysheep_decorative_pillar
D:12:     layout_irregular_city
D:13:     layout_cave_pools, kennysheep_generic_room_3, uniq_snorg
D:14:     layout_cave_pools, erik_vaults_1, serial_park_square3
          [serial_park_minivault_5x5_2]
D:15:     gammafunk_enter_depths_forms, layout_rooms, serial_bayou_lagoon_a,
          uniq_kirke
Temple:   regret_index_temple_chain_breaker
Lair:1:   beast_lair_carwin_large_2, layout_regular_city
Lair:2:   wad_woods_structure_01, layout_loops_ring
Lair:3:   layout_cave_pods, guppyfry_snake_entry_island, grunt_megastairs_1
Lair:4:   layout_cave_shapes, minmay_shoals_entry_lonely_mermaid, basic_altar,
          beast_lair_carwin_7, serial_bayou_shore_b, grunt_megastairs_2
Lair:5:   layout_gridlike, minmay_lair_oklob_chamber, uniq_urug
Lair:6:   wormcave, layout_cave_shapes, slime_altar_1, uniq_nessos
Shoals:1: layout_shoals, yaktaur_hedge
Shoals:2: layout_shoals, nicolae_shoals_circle_sea_wall,
          nicolae_shoals_flooded_hall, uniq_polyphemus
Shoals:3: layout_shoals, uniq_ilsuiw
Shoals:4: shoals_end_simple, layout_shoals, serial_shops, shop,
          nicolae_shoals_this_corrosion
Snake:1:  layout_rooms, serial_shops, nicolae_shop_trees, serial_bayou_pond_e
Snake:2:  layout_chambers, portal_ice_cave_entry_ice_statue_one, st_stairs_1,
          drop_trap
Snake:3:  layout_basic, uniq_nikola, uniq_vashnia
Snake:4:  grunt_snake_rune_spirals, layout_onion, ebering_ghost_reflecting_pool,
          uniq_bai_suzhen, uniq_roxanne
Slime:1:  layout_caves, nicolae_slime_phagocytosis
Orc:1:    layout_diamond_mine, serial_shops, shop_fountains
Orc:2:    st_orc_town, layout_caves, serial_shops, shop
Vaults:1: ontoclasm_vaults_loading_screen, hangedman_vaults_stitches, v_misc_16,
          nicolae_vaults_what_the_h, v_pattern_5, st_hourglassy,
          vaults_room_pool, ontoclasm_vaults_misaligned, grunt_vaults_diagonal,
          v_misc_3, vaults_dpeg_ring, layout_vaults_big_room, serial_shops,
          nicolae_shop_stone, shop, uniq_asterion
Vaults:2: gammafunk_vaults_ghost_fury_of_okawaru, v_rooms_6,
          minmay_crypt_entry_simple_statues, nicolae_vaults_big_ls,
          nicolae_vaults_octagons, vaults_dpeg_spiral, hangedman_vaults_snaps,
          hangedman_vaults_slice, v_misc_1, hangedman_vaults_restitches,
          nicolae_vaults_diagonal_hallway_6, layout_vaults_omnibox, uniq_sojobo,
          uniq_mara

Skill      XL: |  1  2  3  4  5  6  7  8  9 10 11 12 13 14 15 16 17 18 19 20 21 |
---------------+----------------------------------------------------------------+-----
Maces & Flails | 3 4 5 7 9 10 12 13 14 15 17 18 19 20 | 20.1
Fighting       | 4 5 6 7 8 9 11 12 13 14 16 17 18 19 20 | 20.2
Armour         | 4 5 6 7 8 9 11 12 13 14 15 16 17 | 17.8
Shields        | 4 5 6 7 8 9 11 12 13 14 15 16 17 | 17.8
Evocations     | 4 |  4.7
Throwing       | 3 5 |  5.1
Invocations    | 4 5 |  5.9

Action                   |  1- 3 |  4- 6 |  7- 9 | 10-12 | 13-15 | 16-18 | 19-21 || total
-------------------------+-------+-------+-------+-------+-------+-------+-------++-------
Melee: Flail             |   136 |   145 |   203 |   554 |  1529 |  1994 |  2401 ||  6962
       Mace              |       |       |   193 |    97 |       |       |       ||   290
Throw: Throwing net      |       |       |       |     3 |     2 |       |       ||     5
       Boomerang         |       |       |       |       |       |       |     6 ||     6
 Abil: Evoke Berserk Rag |       |       |       |       |       |     1 |       ||     1
Evoke: Wand              |       |     1 |       |       |    13 |    14 |     8 ||    36
  Use: Potion            |       |     8 |     7 |    10 |     7 |     6 |     5 ||    43
       Scroll            |       |       |       |    15 |    15 |    20 |    13 ||    63
 Stab: Invisible         |       |       |       |     3 |       |       |     2 ||     5
  Eat: Chunk             |     1 |     4 |    11 |     6 |     6 |     2 |     4 ||    34
       Ration            |       |       |     1 |     5 |     8 |    11 |    11 ||    36
Armor: Scale mail        |    73 |    92 |   157 |       |       |       |       ||   322
       Chain mail        |       |       |    91 |    33 |       |       |       ||   124
       Plate armour      |       |       |       |   106 |       |       |       ||   106
       Crystal plate arm |       |       |       |   241 |   948 |  1248 |  1432 ||  3869
Dodge: Dodged            |    53 |    36 |   124 |   112 |   225 |   304 |   288 ||  1142
Block: Shield            |    88 |    81 |   200 |   377 |  1075 |  1498 |   373 ||  3692
       Large shield      |       |       |       |       |       |   217 |  2372 ||  2589
       Reflection        |       |       |       |       |       |       |    76 ||    76
